AoeStats
← Octavianus

Arena

510844958Analyzed
1v1 RM · 22h ago on Oct 2, 2026· 31m 18s· 2 players
Game mode
Random Map
Map size
Tiny (2 player)
Population
200
Speed
Normal
Resources
Standard
Victory
Conquest
Starting age
Dark Age
Ending age
Imperial Age
RankedLock teamsTeams togetherTeam positionsShared explorationLock speedFull tech treeHidden civsTurbo modeCheats
Victory
Defeat
🇪🇸 Lithuanians · Spain
668
+19
🇺🇸 Japanese · United States
739
-47
CAZURREITHOR
1:14 Loom
8:33 Feudal Age
9:54 Wheelbarrow
9:51 Double-Bit Axe
10:18 Horse Collar
19:06 Man-at-Arms
20:54 Arson
Octavianus
10:14 Feudal Age
9:16 Loom
12:14 Fletching
14:01 Town Watch
20:10 Castle Age
18:59 Double-Bit Axe
18:58 Horse Collar
21:10 Bodkin Arrow
25:55 Yasama
27:13 Guard Tower
27:21 Murder Holes
Connection lost

Rejoining the realm…

Still unreachable

The connection could not be restored.

Session expired

The server has moved on; the page needs a fresh start.